 Dungeon Crawl Stone Soup version 0.20.0-15-g7f486f2 (webtiles) character file.

1857 greprep the Grappler (level 9, -5/73 HPs)
             Began as a Ghoul Monk on June 25, 2017.
             Was a Believer of Okawaru.
             Slain by a slave (7 damage)
             ... led by Pikel
             ... on level 7 of the Dungeon.
             The game lasted 00:17:57 (7862 turns).

greprep the Grappler (Ghoul Monk)                   Turns: 7862, Time: 00:17:58

Health: -5/73      AC:  3    Str: 18    XL:     9   Next: 13%
Magic:  0/10       EV: 14    Int:  5    God:    Okawaru [**....]
Gold:   361        SH:  0    Dex: 11    Spells: 8/8 levels left

rFire    . . .     SeeInvis .     - Unarmed
rCold    + + .     Gourm    .   (no shield)
rNeg     + + +     Faith    .   g - +0 robe
rPois    ∞         Spirit   +   (no helmet)
rElec    .         Reflect  .   (no cloak)
rCorr    +         Harm     .   (no gloves)
MR       .....                  a - +0 pair of boots
Stlth    ++........             o - amulet of guardian spirit
Regen    0.0/turn               e - ring of protection from cold
MPRegen  0.2/turn               n - ring of resist corrosion

@: rotting
A: rotting body, claws 1, carnivore 3, cold resistance 1, negative energy
resistance 3, inhibited regeneration, torment resistance, unbreathing
a: Heroism, Renounce Religion


You were on level 7 of the Dungeon.
You worshipped Okawaru.
Okawaru was pleased with you.
You were not hungry.

You visited 2 branches of the dungeon, and saw 8 of its levels.
You also visited: Ossuary.

You collected 361 gold pieces.

Inventory:

Armour
 a - a +0 pair of boots (worn)
 g - a +0 robe (worn)
Jewellery
 e - a ring of protection from cold (left claw)
 n - a ring of resist corrosion (right claw)
 o - an amulet of guardian spirit (around neck)
Wands
 s - a wand of flame (26/48)
 w - a wand of polymorph (18/24)
 y - a wand of enslavement (16/24)
Scrolls
 f - 6 scrolls of teleportation
 i - a scroll of recharging
 r - 3 scrolls of fog
 t - a scroll of torment {unknown}
 u - 2 scrolls of magic mapping
 v - a scroll of enchant armour {unknown}
 x - a scroll of blinking
Potions
 j - a potion of mutation {unknown}
 k - a potion of curing
 z - a potion of brilliance {unknown}
Books
 q - a book of Misfortune

   Spells                             Type                      Level
   a - Confusing Touch                Hexes                        1
   b - Confuse                        Hexes                        3
   c - Gell's Gravitas                Translocation                3
   d - Petrify                        Transmutation/Earth          4
   e - Metabolic Englaciation         Hexes/Ice                    5
   f - Yara's Violent Unravelling     Hexes/Transmutation          5
Comestibles
 b - 2 meat rations
 m - 4 royal jellies


   Skills:
 + Level 4.9 Fighting
 + Level 5.8 Dodging
 - Level 2.3 Stealth
 + Level 10.3 Unarmed Combat
 * Level 2.9 Invocations


You had 8 spell levels left.
You didn't know any spells.

Dungeon Overview and Level Annotations

Branches:
Dungeon (7/15)             Temple (1/1) D:4

Altars:
Ashenzari
Cheibriados
Dithmenos
Elyvilon
Fedhas
Gozag
Hepliaklqana
Kikubaaqudgha
Makhleb
Nemelex Xobeh
Okawaru
Qazlal
Ru
Sif Muna
Trog
Uskayaw
Vehumet
Xom
Yredelemnul
Zin
The Shining One

Shops:
D:6 }

Annotations:
D:7 Pikel


Innate Abilities, Weirdness & Mutations

Your body is rotting away.
You thrive on raw meat.
You are immune to poison.
You have sharp fingernails.
You are carnivorous and can eat meat at any time.
Your flesh is cold resistant. (rC+)
You are immune to negative energy. (rN+++)
You do not regenerate when monsters are visible.
You are immune to unholy pain and torment.
You can survive without breathing.


Message History

The jackal bites you.
* * * LOW HITPOINT WARNING * * *
You scratch Pikel but do no damage.
Pikel is almost dead.
The jackal misses you. The slave hits you.
* * * LOW HITPOINT WARNING * * *
The jackal misses you. The slave hits you.
* * * LOW HITPOINT WARNING * * *
Pikel hits you with a whip of electrocution!
* * * LOW HITPOINT WARNING * * *
The jackal barely misses you.
As you read the scroll of fear, it crumbles to dust.
You assume a fearsome visage.
Pikel looks frightened!
The slave looks frightened! x2; The slave resists with some effort.
The slave looks frightened!
The jackal looks frightened! x2
The bullfrog looks frightened!
The slave hits you.
* * * LOW HITPOINT WARNING * * *
Unknown command.
The slave hits you!
You die...

#..# ...# ##F.# ...#
#.p# #p.#######
#...K..... #p@# #..
#<.# #..# #..#######
#..# #.p......# #..#
#h######.# ... ...#
#.# #.# ##### #.#
####.###############.#
#.........)..........#


You could see Pikel (fleeing), 4 slaves, a bullfrog (fleeing) and a jackal
(fleeing).

Vanquished Creatures
  The ghost of systemy the Chopper, an amateur MiBe of Trog (Ossuary)
  Prince Ribbit (D:6)
  A water moccasin (D:6)
  An orc warrior (D:6)
  A sky beast (D:6)
  A bullfrog (D:6)
  3 wights (D:6)
  A crimson imp (D:6)
  2 centaur zombies (Ossuary)
  3 hounds
  A human zombie (Ossuary)
  3 orc priests
  2 iguanas (D:4)
  2 orc wizards (D:6)
  Natasha (twice) (D:2 D:3)
  4 worker ants
  A killer bee zombie (D:5)
  2 big kobold zombies (Ossuary)
  A hound zombie (Ossuary)
  3 mummies (Ossuary)
  3 gnolls
  14 adders
  2 oozes (D:1)
  4 adder zombies (Ossuary)
  An adder skeleton (D:4)
  2 worms
  2 dart slugs (D:1)
  4 leopard geckos
  17 orcs
  2 ball pythons
  8 bats
  5 goblins
  8 hobgoblins
  3 jackals (D:4)
  5 quokkas
  3 frilled lizards
  A giant cockroach zombie (D:5)
  2 gnoll zombies (Ossuary)
  3 goblin zombies (Ossuary)
  4 hobgoblin zombies (Ossuary)
  6 jackal zombies (Ossuary)
  4 kobolds
  4 kobold zombies (Ossuary)
  A leopard gecko skeleton (D:4)
  An orc zombie (Ossuary)
  A quokka skeleton (D:6)
  5 quokka zombies (Ossuary)
  6 rats
  A butterfly (D:4)
158 creatures vanquished.

Notes
Turn   | Place    | Note
-------+----------+-------------------------------------------
     0 | D:1      | greprep the Ghoul Monk began the quest for the Orb.
     0 | D:1      | Reached XP level 1. HP: 19/19 MP: 0/0
    34 | D:1      | Reached XP level 2. HP: 16/26 MP: 1/1
   353 | D:1      | Reached XP level 3. HP: 29/29 MP: 2/2
   652 | D:2      | Reached skill level 4 in Unarmed Combat
   697 | D:2      | Found a snail-covered altar of Cheibriados.
   709 | D:2      | Noticed Natasha
   985 | D:2      | Killed Natasha
   985 | D:2      | Reached XP level 4. HP: 36/40 MP: 3/3
  1613 | D:1      | Reached XP level 5. HP: 45/45 MP: 4/4
  2052 | D:2      | Reached skill level 5 in Unarmed Combat
  2496 | D:3      | Noticed Natasha
  2525 | D:3      | Killed Natasha
  3006 | D:4      | Reached XP level 6. HP: 52/52 MP: 5/5
  3280 | D:4      | Reached skill level 6 in Unarmed Combat
  3436 | D:4      | Found a staircase to the Ecumenical Temple.
  3468 | Temple   | Entered the Ecumenical Temple
  3649 | Temple   | Became a worshipper of Warmaster Okawaru
  3649 | Temple   | Reached * piety under Okawaru
  3649 | Temple   | Reached ** piety under Okawaru
  3697 | D:4      | Found a hide-covered altar of Uskayaw.
  4706 | D:4      | Reached XP level 7. HP: 29/58 MP: 6/6
  5008 | D:5      | Entered Level 5 of the Dungeon
  5326 | D:5      | Found a sand-covered staircase.
  5338 | Ossuary  | Entered an ossuary
  5340 | Ossuary  | Noticed systemy's ghost (amateur MiBe)
  5380 | Ossuary  | Killed systemy's ghost
  5380 | Ossuary  | Reached skill level 5 in Dodging
  5380 | Ossuary  | Reached skill level 7 in Unarmed Combat
  6226 | Ossuary  | Reached XP level 8. HP: 57/66 MP: 4/7
  6259 | Ossuary  | Reached skill level 8 in Unarmed Combat
  6401 | D:5      | Found a burning altar of Makhleb.
  6597 | D:6      | Reached skill level 1 in Invocations
  6633 | D:6      | Found Meotarosi's Gadget Boutique.
  6662 | D:6      | Noticed Prince Ribbit
  6974 | D:6      | Killed Prince Ribbit
  6974 | D:6      | Reached skill level 9 in Unarmed Combat
  7189 | D:6      | Reached XP level 9. HP: 40/73 MP: 9/9
  7326 | D:6      | Reached skill level 10 in Unarmed Combat
  7848 | D:7      | Noticed Pikel
  7861 | D:7      | HP: 2/73 [slave[Pikel] (2)]
  7862 | D:7      | Slain by a slave

Skill      XL: |  1  2  3  4  5  6  7  8  9 |
---------------+----------------------------+-----
Dodging        | 3 4 5 |  5.8
Unarmed Combat | 4 5 6 7 9 10 | 10.3
Fighting       | 4 |  4.9
Invocations    | 2 |  2.9
Stealth        | |  2.3

Action                   |  1- 3 |  4- 6 |  7- 9 || total
-------------------------+-------+-------+-------++-------
Melee: Unarmed           |    91 |   254 |   385 ||   730
       Punch             |       |     3 |    14 ||    17
Invok: Heroism           |       |       |    16 ||    16
  Use: Scroll            |     5 |     5 |     4 ||    14
       Potion            |       |       |     7 ||     7
 Stab: Sleeping          |     6 |     7 |     4 ||    17
  Eat: Chunk             |     9 |    28 |    35 ||    72
       Royal jelly       |       |       |     1 ||     1
Armor: Robe              |    15 |    27 |    54 ||    96
Dodge: Dodged            |    72 |   187 |   251 ||   510
